Map: 에코 - 래더 (공허)

Players

llllllllllll (Billowy)

  • Race: Protoss Protoss
  • League: Master

TYTY (TY) - Winner!

  • Race: Terran Terran
  • League: Diamond

VOD

Have the link to the VOD?

Description

Time

  • Played on: Nov. 27, 2016, 5:02 a.m.
  • Length: 9:21
Show
View Real Time Build Order
Export as new Build Order

llllllllllll Protoss 

Build Orders: Blink Stalkers 

Get SALT Encoding   

  12  0:01  Probe (Chrono Boost)  
  13  0:11  Probe (Chrono Boost)  
  14  0:17  Pylon  
  14  0:22  Probe (Chrono Boost)  
  15  0:35  Probe (Chrono Boost), Gateway  
  16  0:46  Probe (Chrono Boost)  
  16  0:47  Assimilator  
  17  0:56  Probe (Chrono Boost)  
  18  0:57  Assimilator  
  18  1:03  Pylon  
  18  1:07  Probe (Chrono Boost)  
  19  1:17  Probe (Chrono Boost)  
  20  1:23  Cybernetics Core  
  20  1:28  Probe (Chrono Boost)  
  21  1:38  Probe (Chrono Boost)  
  22  1:49  Probe (Chrono Boost)  
  23  1:57  Nexus  
  23  2:00  Mothership Core (Chrono Boost)  
  25  2:05  Stalker  
  27  2:09  Warp Gate  
  27  2:18  Probe (Chrono Boost)  
  28  2:29  Probe (Chrono Boost)  
  29  2:30  Robotics Facility  
  29  2:38  Pylon  
  29  2:43  Probe (Chrono Boost)  
  30  2:53  Probe (Chrono Boost)  
  30  2:56  Stalker  
  33  3:03  Twilight Council  
  33  3:04  Probe (Chrono Boost)  
  32  3:14  Probe (Chrono Boost)  
  32  3:18  Probe (Chrono Boost)  
  33  3:20  Observer  
  33  3:25  Probe (Chrono Boost)  
  33  3:26  Stalker  
  37  3:29  Probe (Chrono Boost)  
  38  3:37  Probe (Chrono Boost)  
  38  3:39  Probe (Chrono Boost)  
  40  3:42  Blink  
  40  3:48  Probe (Chrono Boost)  
  41  3:50  Probe (Chrono Boost)  
  41  3:54  Assimilator  
  42  3:57  Assimilator  
  42  4:00  Probe x2 (Chrono Boost)  
  42  4:02  Pylon  
  44  4:09  Observer  
  44  4:11  Probe x2 (Chrono Boost)  
  44  4:13  Stalker  
  49  4:19  Pylon  
  49  4:23  Probe x2 (Chrono Boost)  
  51  4:35  Probe x2 (Chrono Boost)  
  52  4:39  Stalker  
  46  4:47  Probe (Chrono Boost)  
  46  4:50  Probe (Chrono Boost)  
  43  4:53  Pylon  
  43  4:58  Probe (Chrono Boost)  
  44  5:01  Probe (Chrono Boost)  
  44  5:04  Observer  
  46  5:09  Probe (Chrono Boost)  
  46  5:11  Probe (Chrono Boost)  
  46  5:12  Nexus  
  48  5:18  Stalker  
  48  5:20  Probe (Chrono Boost)  
  51  5:22  Probe (Chrono Boost)  
  51  5:25  Forge  
  51  5:26  Pylon  
  52  5:30  Probe (Chrono Boost)  
  52  5:33  Probe (Chrono Boost), Gateway  
  54  5:36  Gateway  
  54  5:41  Probe (Chrono Boost)  
  55  5:43  Probe (Chrono Boost)  
  56  5:50  Gateway  
  56  5:51  Probe (Chrono Boost)  
  56  5:52  Protoss Ground Weapons Level 1  
  56  5:53  Gateway  
  56  5:56  Probe (Chrono Boost)  
  58  6:01  Gateway  
  59  6:04  Probe (Chrono Boost)  
  59  6:06  Probe (Chrono Boost)  
  58  6:16  Probe (Chrono Boost)  
  58  6:17  Probe (Chrono Boost)  
  60  6:20  Stalker  
  60  6:24  Pylon  
  62  6:33  Stalker x2  
  66  6:50  Stalker x2  
  70  6:57  Stalker x3  
  74  7:08  Stalker  
  72  7:15  Warp Prism  
  72  7:17  Stalker x2  
  72  7:19  Probe x2 (Chrono Boost)  
  72  7:20  Probe (Chrono Boost)  
  81  7:24  Stalker x3  
  87  7:30  Probe (Chrono Boost)  
  87  7:32  Probe x2 (Chrono Boost)  
  87  7:36  Stalker  
  92  7:39  Pylon  
  92  7:40  Pylon  
  92  7:41  Pylon  
  92  7:49  Pylon  
  92  8:00  Stalker x6  
  92  8:01  Immortal  
  92  8:05  Probe (Chrono Boost)  
  107  8:06  Probe x2 (Chrono Boost)  
  107  8:07  Pylon  
  108  8:24  Stalker x6  
  120  8:32  Pylon  
  120  8:47  Stalker x6  
  77  9:12  Stalker x6  
Show
View Real Time Build Order
Export as new Build Order

TYTY Terran - Winner!

Build Orders: Cyclone Opening, Reaper Expand, Mech 

Get SALT Encoding   

  12  0:00  SCV  
  13  0:12  SCV  
  14  0:20  Supply Depot  
  14  0:24  SCV  
  15  0:29  Refinery  
  15  0:41  SCV  
  16  0:44  Barracks  
  16  0:53  SCV  
  17  1:05  SCV  
  18  1:18  SCV  
  19  1:30  Orbital Command, Reaper  
  20  1:41  Command Center  
  20  1:52  Factory  
  20  1:57  SCV  
  20  2:01  Refinery  
  21  2:08  Barracks Reactor  
  21  2:09  SCV  
  21  2:13  Supply Depot  
  22  2:21  SCV  
  23  2:35  SCV  
  24  2:39  Starport  
  26  2:44  Marine x2  
  26  2:47  Cyclone  
  26  2:49  SCV  
  30  2:56  Orbital Command  
  30  3:01  SCV  
  30  3:02  Marine  
  33  3:13  SCV  
  33  3:24  SCV  
  33  3:27  Cyclone x2  
  33  3:28  Marine  
  33  3:31  SCV  
  33  3:33  Supply Depot  
  41  3:40  Factory, SCV  
  42  3:43  SCV  
  42  3:46  Marine  
  44  3:53  SCV  
  45  3:55  SCV  
  45  3:59  Cyclone  
  45  4:01  Widow Mine  
  51  4:05  Supply Depot, SCV  
  51  4:07  Barracks Tech Lab  
  51  4:08  SCV  
  53  4:17  SCV  
  54  4:27  SCV  
  54  4:30  Cyclone, SCV  
  58  4:39  SCV  
  58  4:42  SCV  
  55  4:51  SCV  
  47  4:55  SCV  
  47  4:56  Hellion  
  50  5:03  SCV  
  50  5:04  Hellion  
  50  5:06  Refinery  
  55  5:07  Command Center, SCV  
  55  5:12  Cyclone  
  57  5:15  SCV  
  57  5:17  Supply Depot  
  57  5:18  Refinery  
  57  5:19  SCV  
  59  5:23  Cyclone  
  62  5:30  Supply Depot  
  62  5:39  Cyclone, SCV  
  62  5:40  Supply Depot, SCV  
  69  5:51  SCV  
  69  5:52  SCV  
  69  5:54  Supply Depot  
  71  5:58  Cyclone  
  71  6:03  SCV  
  75  6:04  SCV  
  75  6:09  Refinery, Engineering Bay  
  76  6:11  Cyclone  
  76  6:13  Cyclone  
  76  6:15  Supply Depot, SCV  
  76  6:16  SCV  
  76  6:18  Factory  
  81  6:21  Unknown, Orbital Command  
  81  6:27  SCV  
  81  6:28  Refinery, SCV  
  81  6:30  Armory  
  83  6:34  Cyclone  
  87  6:40  SCV x2  
  88  6:51  Cyclone  
  88  6:52  SCV x2  
  94  7:00  SCV  
  90  7:04  SCV x2  
  90  7:05  Factory Tech Lab  
  89  7:12  SCV  
  89  7:14  Siege Tank, Hellion  
  92  7:16  SCV  
  92  7:17  SCV  
  92  7:23  Siege Tank  
  92  7:24  Supply Depot, SCV  
  92  7:25  Terran Vehicle Weapons Level 1  
  92  7:26  Factory  
  92  7:27  Factory  
  92  7:28  Hellion, Missile Turret  
  98  7:31  SCV x2  
  98  7:33  Missile Turret  
  100  7:41  SCV  
  100  7:43  Hellion, SCV x2  
  105  7:46  Siege Tank  
  108  7:53  Hellion, SCV  
  108  7:54  Supply Depot  
  108  7:55  SCV  
  108  7:56  Siege Tank  
  115  8:05  Command Center  
  115  8:08  SCV x3  
  115  8:11  Missile Turret  
  115  8:12  Factory Reactor, Hellion, Factory Tech Lab  
  120  8:18  Siege Tank  
  120  8:23  Hellion  
  120  8:27  Missile Turret  
  120  8:28  Siege Tank, Armory  
  120  8:30  Missile Turret  
  120  8:34  Siege Tank  
  126  8:36  Hellion  
  128  8:52  Hellion  
  133  8:58  Hellion x2, SCV  
  133  8:59  SCV x2  
Tags
 
Add a new tag
Caveats
  • Supply blocks, unpowered buildings, or Contaminate may cause inaccurate times.
  • Supply counts are checked every 10 seconds.